 Dungeon Crawl Stone Soup version 0.30-a0-672-gc3a7216ad8 (webtiles) character file.

Game seed: 1045802261500417363

317 Dittersdorf the Trooper (level 6, -3/40 HPs)
             Began as a Gargoyle Fighter on Jan 18, 2023.
             Slain by an ogre
             ... wielding a +0 giant club
              (21 damage)
             ... on level 5 of the Dungeon.
             The game lasted 00:04:04 (3315 turns).

Dittersdorf the Trooper (Gargoyle Fighter)          Turns: 3315, Time: 00:04:04

Health: -3/40      AC: 12    Str: 22    XL:     6   Next: 44%
Magic:  6/6        EV:  9    Int:  8    God:
Gold:   211        SH:  4    Dex:  9    Spells: 5/5 levels left

rFire   + . .      SeeInvis .    a - +0 flail
rCold   . . .      Faith    .    c - +0 buckler
rNeg    + . .      Spirit   .    b - +0 scale mail
rPois   ∞          Reflect  .    (no helmet)
rElec   +          Harm     .    (no cloak)
rCorr   .          Rampage  .    h - +0 pair of gloves
Will    .....                    (no boots) Stlth
                                 k - amulet of the acrobat
HPRegen 0.26/turn                r - ring of protection from fire
MPRegen 0.10/turn                (no ring)

@: no status effects
A: sickness immunity, AC +4, negative energy resistance 1, electricity
resistance, torment resistance 1, petrification resistance
a: no special abilities


You were on level 5 of the Dungeon.
You visited 1 branch of the dungeon, and saw 5 of its levels.

You collected 211 gold pieces.

Inventory:

Hand Weapons
 a - a +0 flail (weapon)
Armour
 b - a +0 scale mail (worn)
 c - a +0 buckler (worn)
 h - a +0 pair of gloves (worn)
Jewellery
 k - an amulet of the acrobat (around neck)
 r - a ring of protection from fire (left hand)
 s - a ring of ice
Scrolls
 f - a scroll of blinking {unknown}
 g - 2 scrolls of enchant armour {unknown}
 j - a scroll of teleportation {unknown}
 l - a scroll of vulnerability {unknown}
 n - a scroll of fog {unknown}
 t - 2 scrolls of amnesia {unknown}
Potions
 d - a potion of might
 e - a potion of ambrosia {unknown}
 i - a potion of brilliance {unknown}
 m - a potion of attraction {unknown}
 o - a potion of magic
 p - a potion of mutation
 u - 2 potions of curing


   Skills:
 + Level 4.8 Fighting
 + Level 3.6 Maces & Flails
 + Level 4.8 Armour
 + Level 4.7 Shields


You had 5 spell levels left.
You didn't know any spells.
Your spell library contained the following spells:

 Spells                   Type           Power      Damage    Failure   Level
 Sandblast                Erth           0%         2d4       80%         1
 Passwall                 Tmut/Erth      0%         N/A       91%         2
 Inner Flame              Hex/Fire       0%         N/A       99%         3
 Stone Arrow              Conj/Erth      0%         3d7       99%         3
 Flame Wave               Conj/Fire      0%         2d4       100%        4
 Sticky Flame             Conj/Fire      0%         2d3       100%        4


Dungeon Overview and Level Annotations

Branches:
Dungeon (5/15)
 Temple: D:4-7

Altars:
Cheibriados
Dithmenos
Hepliaklqana
Vehumet
Xom

Annotations:
D:3 2 transporters, drugrobin's ghost, weakling DgDe


Innate Abilities, Weirdness & Mutations

You are immune to sickness and miasma.
Your stone body is resilient. (AC +4)
You are immune to poison.
You resist negative energy. (rN+)
You are resistant to electric shocks. (rElec)
You are resistant to unholy torment.
You are immune to petrification.


Message History

Found a dagger.
You see here a +0 dagger.
r - a ring of protection from fire
Found a stone staircase leading down.
r - a ring of protection from fire (left hand)
An ogre comes into view. It is wielding a +0 giant club.
Throw: 2 darts (curare)
Press: ? - help, Q - select action Shift-Dir - straight line, f - ogre
Aim: an ogre, wielding a +0 giant club (72% to hit)
You throw a curare-tipped dart.
The curare-tipped dart barely misses the ogre.
Throw: dart (curare)
Press: ? - help, Q - select action Shift-Dir - straight line, f/p - ogre
Aim: an ogre, wielding a +0 giant club (72% to hit)
You throw a curare-tipped dart.
The curare-tipped dart completely misses the ogre.
You hit the ogre but do no damage. The ogre barely misses you.
You barely miss the ogre. The ogre closely misses you.
You thump the ogre!
The ogre is heavily wounded.
The ogre hits you with a +0 giant club!
You hit the ogre.
The ogre is heavily wounded.
You block the ogre's attack.
You barely miss the ogre.
The ogre is heavily wounded.
You hit the ogre.
The ogre is heavily wounded.
The ogre hits you with a +0 giant club!
You hit the ogre.
The ogre is severely wounded.
You block the ogre's attack.
You hit the ogre.
The ogre is almost dead.
The ogre closely misses you.
You barely miss the ogre.
The ogre is almost dead.
The ogre hits you with a +0 giant club!!
Ouch! That really hurt!
You die...

........###### .#
######.#########
.# #..........#.#
.# #.##..<.....#
.# # #######)## (#
# ##.## .##.#.#
#.## ##(......
#..## ##O..# .#
###.#.###@#..#.#
##.
#......#.......#
#..
#.#.###.........>#
#.# #####
############ #.#
##.##### .......#
.......# ##.#####


You could see an ogre.

Vanquished Creatures
  A hound (D:4)
  A jelly (D:4)
  2 orc wizards
  An iguana (D:4)
  5 gnolls
  3 adders
  3 worms
  3 dart slugs
  12 orcs
  3 bats
  An endoplasm (D:1)
  3 giant cockroaches
  13 goblins
  6 hobgoblins
  10 kobolds
  4 quokkas
  8 ball pythons
  6 frilled lizards
  3 rats (D:1)
  A bush (D:1)
89 creatures vanquished.

Vanquished Creatures (others)
  7 plants (D:1)
7 creatures vanquished.

Grand Total: 96 creatures vanquished

Notes
Turn   | Place    | Note
-------+----------+-------------------------------------------
     0 | D:1      | Dittersdorf the Gargoyle Fighter began the quest for the
                  | Orb.
     0 | D:1      | Reached XP level 1. HP: 14/14 MP: 1/1
   232 | D:1      | Reached XP level 2. HP: 19/19 MP: 2/2
   617 | D:1      | Reached XP level 3. HP: 9/24 MP: 3/3
   800 | D:1      | Found a faded altar of an unknown god.
  1395 | D:2      | Reached XP level 4. HP: 23/29 MP: 4/4
  1863 | D:3      | Reached XP level 5. HP: 20/33 MP: 5/5
  1975 | D:3      | Found the +5 robe of Misfortune {Harm *Corrode *Slow EV+5}
  1977 | D:3      | You fall into a shaft and drop 1 floor!
  1978 | D:4      | yay!
  2086 | D:3      | Noticed drugrobin's ghost (weakling DgDe)
  2087 | D:3      | Found a transporter.
  2088 | D:3      | Noticed an ogre
  2089 | D:3      | Noticed an ogre
  2223 | D:3      | Found a transporter.
  2285 | D:3      | Found a shimmering altar of Xom.
  2617 | D:4      | Reached XP level 6. HP: 14/39 MP: 6/6
  2631 | D:4      | HP: 1/39 [acid (5)]
  2819 | D:4      | Found a hazy altar of Hepliaklqana.
  2961 | D:4      | Found a snail-covered altar of Cheibriados.
  2963 | D:4      | Found a radiant altar of Vehumet.
  2985 | D:4      | Found a shadowy altar of Dithmenos.
  3238 | D:5      | Entered Level 5 of the Dungeon
  3315 | D:5      | Slain by an ogre

Illustrated notes

###
..####
###......
#........
#........
#@..#
#........
#.....###
#...#.#
#...# ..
###.# ##
.# .#


Turn 1978 on D:4: yay!

Levels and vault maps discovered:
D:1:      minmay_arrival_doors, layout_loops_corners,
          ebering_ecumenical_altar_webs, lexackson_kobold_supper
D:2:      layout_rooms, chequers_serial_rivers_micro_b, minmay_tree_intersection
D:3:      layout_basic, mainiacjoe_overflow_cross_hatched, gammafunk_ghost_smash
D:4:      layout_rooms, minitemple, nicolae_dithmenos_the_darkroom
D:5:      minmay_recursive_quarters, layout_loops_ring

Skill      XL: |  1  2  3  4 |
---------------+-------------+-----
Fighting       | 4 |  4.8
Armour         | 4 |  4.8
Shields        | 4 |  4.7
Maces & Flails | 3 |  3.6

Action                   |  1- 3 |  4- 6 || total
-------------------------+-------+-------++-------
Melee: Flail             |   183 |   196 ||   379
Throw: Dart              |       |     2 ||     2
  Use: Scroll            |       |     3 ||     3
Armor: Scale mail        |    64 |   103 ||   167
Dodge: Dodged            |    51 |    93 ||   144
Block: Buckler           |    21 |    46 ||    67

Table legend: (Time is in decaauts)
 A = Elapsed time spent in this place.
 B = Non-inter-level travel time spent in this place.
 C = Inter-level travel time spent in this place.
 D = Time resting spent in this place.
 E = Time spent auto-exploring this place.
 F = Levels seen in this place.
 G = Mean time per level.
                   A        B        C        D        E       F      G
               +--------+--------+--------+--------+--------+-----+--------+
         Total |   3428 |   3195 |    233 |    353 |   2030 |   5 |  685.6 |
       Dungeon |   3428 |   3195 |    233 |    353 |   2030 |   5 |  685.6 |
               +--------+--------+--------+--------+--------+-----+--------+

Top non-repeatable levels by time:
     D:1: 1366 daAuts
     D:4: 847 daAuts
     D:3: 658 daAuts
     D:2: 477 daAuts
     D:5: 78 daAuts
